 Dungeon Crawl Stone Soup version 0.31.0-32-g396128a36d (webtiles) character file.

Game seed: 4739505122553589124

259 PaiMei the Scholar of Death (level 5, -3/35 (39) HPs)
             Began as a Demonspawn Necromancer on Apr 18, 2024.
             Was a Follower of Kikubaaqudgha.
             Slain by a black bear (4 damage)
             ... on level 4 of the Dungeon.
             The game lasted 00:05:49 (4125 turns).

PaiMei the Scholar of Death (DsNe)                  Turns: 4125, Time: 00:05:49

HP:   -3/35 (39)    AC:  4    Str:  9    XL:     5   Next: 94%
MP:   0/9           EV: 13    Int: 17    God:    Kikubaaqudgha [*.....]
Gold: 187           SH:  0    Dex: 13    Spells: 6/10 levels left

rFire   . . .        r - +2 trident (heavy)
rCold   . . .        (no shield)
rNeg    . . .        a - +0 robe
rPois   .            (no helmet)
rElec   .            t - +0 cloak
rCorr   .            m - +0 pair of gloves
SInv    .            (no boots)
Will    .....        (no amulet)
Stlth   ++           (no ring)
HPRegen 0.25/turn    (no ring)
MPRegen 0.11/turn

%: no passive effects
@: heavily drained
A: demonic guardian 1
a: Renounce Religion, Unearth Wretches


You were on level 4 of the Dungeon.
You worshipped Kikubaaqudgha.
Kikubaaqudgha was aware of your devotion.
You visited 1 branch of the dungeon, and saw 4 of its levels.

You collected 187 gold pieces.

Inventory:

Hand Weapons
 e - a +0 falchion
 r - a +2 heavy trident (weapon)
Missiles
 s - 4 curare-tipped darts (quivered)
Armour
 a - a +0 robe (worn)
 m - a +0 pair of gloves (worn)
 t - a +0 cloak (worn)
Wands
 v - a wand of iceblast (9)
Scrolls
 f - 4 scrolls of immolation {unknown}
 h - a scroll of vulnerability {unknown}
 i - a scroll of summoning {unknown}
 j - 4 scrolls of identify {unknown}
 n - a scroll of noise {unknown}
 o - a scroll of fog {unknown}
 u - a scroll of silence {unknown}
Potions
 b - a potion of magic
 c - a potion of mutation {unknown}
 d - a potion of curing {unknown}
 g - 2 potions of haste {unknown}
 k - 3 potions of heal wounds {unknown}
 l - a potion of lignification {unknown}
 p - a potion of berserk rage {unknown}
 q - a potion of cancellation {unknown}


   Skills:
 + Level 2.4 Fighting
 + Level 3.2 Dodging
 - Level 2.0 Stealth
 + Level 3.3 Spellcasting
 + Level 5.5 Necromancy


You had 6 spell levels left.
You knew the following spells:

 Your Spells              Type           Power      Damage    Failure   Level
a - Necrotise             Necr           84%        1d8       1%          1
b - Vampiric Draining     Necr           21%        2d7       5%          3

Your spell library contained the following spells:

 Spells                   Type           Power      Damage    Failure   Level
 Sublimation of Blood     Necr           21%        N/A       2%          2
 Fugue of the Fallen      Necr           21%        N/A       5%          3
 Animate Dead             Necr           21%        N/A       19%         4
 Curse of Agony           Necr           21%        N/A       45%         5


Dungeon Overview and Level Annotations

Branches:
Dungeon (4/15)
 Temple: D:4-7

Altars:
Kikubaaqudgha

Annotations:
D:4 Dowan, Duvessa


Innate Abilities, Weirdness & Mutations

A weak demonic guardian rushes to your aid.


Message History

The scorpion barely resists.
The scorpion barely misses you. The scorpion closely misses you.
Casting: Necrotise (safe; 1% risk of failure)
Confirm with . or Enter, or press ? or * to list all spells.
Aiming: Necrotise (safe; 1% risk of failure)
Press: ? - help, Shift-Dir - straight line, f/p - scorpion
Aim: a scorpion (moderately wounded, chance to affect: 80%)
The scorpion writhes in agony!
The black bear bites you!
The black bear claws you but does no damage.
The black bear claws you. The scorpion closely misses you.
Your magical contamination has completely faded away.
Casting: Necrotise (safe; 1% risk of failure)
Confirm with . or Enter, or press ? or * to list all spells.
You don't have enough magic to cast this spell.
Casting: Necrotise (safe; 1% risk of failure)
Confirm with . or Enter, or press ? or * to list all spells.
You don't have enough magic to cast this spell.
Casting: Necrotise (safe; 1% risk of failure)
Confirm with . or Enter, or press ? or * to list all spells.
You don't have enough magic to cast this spell.
You barely miss the scorpion.
You punch the scorpion, but do no damage.
The scorpion is severely wounded.
The scorpion misses you. The black bear bites you.
* * * LOW HITPOINT WARNING * * *
The black bear closely misses you.
The black bear claws you but does no damage.
The scorpion completely misses you.
The black bear bites you but does no damage.
The black bear claws you.
* * * LOW HITPOINT WARNING * * *
The black bear claws you.
* * * LOW HITPOINT WARNING * * *
A demonic guardian appears!
You closely miss the black bear. Your punch misses the black bear.
The scorpion stings you.
* * * LOW HITPOINT WARNING * * *
The black bear bites you.
You die...
Kikubaaqudgha rasps: "You have failed me!
Welcome... death!"

e# ....
#[........#..# ##.#
.....#####(.##.#..##
#.e#
).#....#..###.##..#
##.# .
.####........###...
#..##....
..###.....########.#
......#
..##........... .
......#
#.#5.....#####
......# #s#....<.#
......# #.@h######
......# #####
......# ......#
......# ......#


You could see a black bear (ally target), a scorpion and a friendly white imp
(summoned).

Vanquished Creatures
  A sleepcap (D:4)
  Terence (D:2)
  Natasha (thrice) (D:2)
  3 gnolls (D:2)
  3 adders
  2 dart slugs
  2 orcs
  7 bats
  4 endoplasms
  3 giant cockroaches
  5 goblins
  7 hobgoblins
  5 kobolds
  2 quokkas
  3 ball pythons (D:1)
  9 frilled lizards
  3 rats
63 creatures vanquished.

Vanquished Creatures (collateral kills)
  A gnoll (D:2)
  A goblin (D:1)
  A frilled lizard (D:1)
3 creatures vanquished.

Grand Total: 66 creatures vanquished

Notes
Turn   | Place    | Note
-------+----------+-------------------------------------------
     0 | D:1      | PaiMei the Demonspawn Necromancer began the quest for the
                  | Orb.
     0 | D:1      | Reached XP level 1. HP: 13/13 MP: 3/3
   459 | D:1      | Gained mutation: A weak demonic guardian rushes to your
                  | aid. [demonic ancestry]
   459 | D:1      | Reached XP level 2. HP: 19/19 MP: 1/5
  1174 | D:2      | Noticed Terence
  1175 | D:2      | Noticed Natasha
  1186 | D:2      | Killed Terence
  1187 | D:2      | Reached skill level 1 in Fighting
  1187 | D:2      | Reached XP level 3. HP: 19/26 MP: 2/6
  1195 | D:2      | Killed Natasha
  1196 | D:2      | Reached XP level 4. HP: 9/32 MP: 0/7
  1491 | D:2      | Learned a level 3 spell: Vampiric Draining
  1739 | D:2      | Noticed Natasha
  1745 | D:2      | Killed Natasha
  1746 | D:2      | Reached skill level 5 in Necromancy
  1826 | D:2      | Noticed Natasha
  1834 | D:2      | Killed Natasha
  1895 | D:2      | Reached XP level 5. HP: 38/38 MP: 6/9
  2155 | D:2      | Found an ancient bone altar of Kikubaaqudgha.
  2163 | D:2      | Became a worshipper of Kikubaaqudgha
  3343 | D:4      | Found the +5 robe of Misfortune {Harm *Corrode *Slow EV+5}
  3545 | D:4      | Noticed Edmund
  3626 | D:4      | Reached * piety under Kikubaaqudgha
  3626 | D:4      | Received a gift from Kikubaaqudgha
  3652 | D:4      | Noticed a black bear
  3843 | D:4      | Noticed Duvessa
  3852 | D:4      | Noticed Dowan
  3946 | D:4      | Found an ancient bone altar of Kikubaaqudgha.
  4125 | D:4      | HP: 1/35 [scorpion (3)]
  4125 | D:4      | Slain by a black bear

Illustrated notes

Levels and vault maps discovered:
D:1:      eino_arrival_cavern_d, layout_rooms
D:2:      layout_basic, basic_altar, uniq_terence, uniq_natasha
D:3:      layout_rooms
D:4:      layout_rooms, nicolae_kikubaaqudgha_miasma_corner, uniq_edmund,
          uniq_duvessa

Skill      XL: |  1  2  3  4  5 |
---------------+----------------+-----
Stealth        | 2 |  2.0
Dodging        | 2 3 |  3.2
Fighting       | 1 2 |  2.4
Necromancy     | 5 |  5.5
Spellcasting   | 3 |  3.3

Action                     |  1- 3 |  4- 6 || total
---------------------------+-------+-------++-------
  Melee: Club              |     2 |       ||     2
         Falchion          |     6 |     1 ||     7
         Trident           |       |     6 ||     6
         Punch             |       |     1 ||     1
   Cast: Necrotise         |    38 |   102 ||   140
         Vampiric Draining |       |     2 ||     2
 Armour: Robe              |    12 |    40 ||    52
  Dodge: Dodged            |    15 |    29 ||    44
